 Dungeon Crawl Stone Soup version 0.18.1-48-g4cf74bf (webtiles) character file.

86 Charly the Cudgeler (level 4, 23/45 HPs)
             Began as an Ogre Hunter on Sept 2, 2016.
             Quit the game on level 5 of the Dungeon.
             The game lasted 00:17:02 (925 turns).

Charly the Cudgeler (Ogre Hunter)                    Turns: 925, Time: 00:17:03

Health: 23/45      AC: 10    Str: 16 (17) XL:     4   Next: 49%
Magic:  4/4        EV: 10    Int:  9 (11) God:
Gold:   75         SH:  0    Dex:  9 (10) Spells: 0 memorised, 3 levels left

rFire  . . .     SeeInvis .     k - +0 mace (protect)
rCold  . . .     Gourm    .     b - +1 robe
rNeg   . . .     Faith    .     (no shield)
rPois  .         Spirit   .     (helmet restricted)
rElec  .         Dismiss  .     e - +0 cloak
rCorr  .         Reflect  .     (gloves unavailable)
SustAt .         Harm     .     (boots unavailable)
MR     .....                    i - amulet of inaccuracy (curse)
Stlth  +.........               (no ring)
                                (no ring)

@: not resistant to hostile enchantments, very unstealthy
A: unfitting armour, tough skin 1
a: no special abilities


You were on level 5 of the Dungeon.
You were hungry.

You visited 1 branch of the dungeon, and saw 5 of its levels.

You collected 75 gold pieces.

Inventory:

Hand Weapons
 k - a +0 mace of protection (weapon)
Missiles
 c - 5 large rocks (quivered)
Armour
 b - a +1 robe (worn)
 e - a +0 cloak (worn)
Jewellery
 i - a cursed amulet of inaccuracy (around neck)
Scrolls
 d - 2 scrolls of identify
Comestibles
 a - a meat ration
 f - 2 bread rations


   Skills:
 - Level 3.1 Fighting
 + Level 5.0 Maces & Flails
 - Level 4.0 Throwing
 - Level 1.7 Dodging
 - Level 0.7 Stealth


You had 3 spell levels left.
You didn't know any spells.

Dungeon Overview and Level Annotations

Branches:
Dungeon (5/15)
 Temple: D:4-7

Altars:
Cheibriados
Trog


Innate Abilities, Weirdness & Mutations

You are too large for most types of armour.
You have tough skin (AC +1).


Message History

Okay, then.
Found 5 tomahawks.
You see here 7 gold pieces.
You now have 75 gold pieces (gained 7).
There is a stone staircase leading down here.
You climb downwards.
Found a meat ration, a slice of pizza and 2 scrolls of identify.
There is a stone staircase leading up here.
A quokka comes into view.
You see here a meat ration.
a - a meat ration
There is a stone staircase leading up here.
Found a stone staircase leading down.
Found a bloodstained altar of Trog.
You see here 2 scrolls of identify.
d - 2 scrolls of identify A sky beast comes into view.
Found a snail-covered altar of Cheibriados.
Found a meat ration.
Are you sure you want to abandon this character and quit the game? (Confirm with "yes".)

........<.###..###>
......###......%...
.......#..........#
............#..###
###.............##
##.................
.......r...........
._................#
.......@....#.###..
...⌠......###.# .
..........# .#
....._....# ..
......Y....
##.........%
#.#.........
.............


You could see a sky beast and a quokka.

Vanquished Creatures
  Natasha (D:3)
  An adder (D:2)
  2 oozes (D:1)
  A worm (D:2)
  A dart slug (D:1)
  A giant gecko (D:4)
  3 orcs
  4 giant cockroaches
  4 goblins
  4 hobgoblins
  3 jackals (D:4)
  3 ball pythons
  2 bats
  A giant newt (D:2)
  A kobold (D:1)
  2 rats (D:1)
34 creatures vanquished.

Notes
Turn   | Place    | Note
--------------------------------------------------------------
     0 | D:1      | Charly the Ogre Hunter began the quest for the Orb.
     0 | D:1      | Reached XP level 1. HP: 22/22 MP: 1/1
    72 | D:1      | Reached skill level 1 in Maces & Flails
   113 | D:1      | Reached XP level 2. HP: 31/31 MP: 2/2
   121 | D:1      | Reached skill level 2 in Maces & Flails
   274 | D:1      | Reached skill level 3 in Maces & Flails
   279 | D:1      | Reached XP level 3. HP: 5/37 MP: 3/3
   353 | D:3      | Noticed Natasha
   613 | D:2      | Reached skill level 4 in Maces & Flails
   777 | D:3      | Killed Natasha
   777 | D:3      | Reached XP level 4. HP: 17/45 MP: 4/4
   863 | D:4      | Reached skill level 5 in Maces & Flails
   912 | D:5      | Entered Level 5 of the Dungeon
   919 | D:5      | Found a bloodstained altar of Trog.
   923 | D:5      | Found a snail-covered altar of Cheibriados.
   923 | D:5      | Noticed a sky beast
   925 | D:5      | Quit the game

Skill      XL: |  1  2  3  4 |
---------------+-------------+-----
Fighting       | 3 |  3.1
Maces & Flails | 1 3 4 5 |  5.0
Throwing       | |  4.0
Dodging        | |  1.7
Stealth        | |  0.7

Action                   |  1- 3 |  4- 6 || total
-------------------------+-------+-------++-------
Melee: Short sword       |    16 |       ||    16
       Club              |    79 |       ||    79
       Mace              |    40 |    20 ||    60
Throw: Large rock        |     6 |       ||     6
       Throwing net      |     6 |       ||     6
  Use: Scroll            |     4 |     2 ||     6
       Potion            |     2 |       ||     2
 Stab: Held in net/web   |     2 |       ||     2
       Distracted        |     1 |       ||     1
Armor: Robe              |    51 |     7 ||    58
Dodge: Dodged            |    54 |    11 ||    65
